Map: Submarine LE

Players

PiG - Winner!

  • Race: Terran Terran
  • League: Grandmaster
  • Spawn Location: 5:00

EON

  • Race: Zerg Zerg
  • League: Master
  • Spawn Location: 11:00

VOD

Have the link to the VOD?

Description

Time

  • Played on: Jan. 15, 2021, 10:16 p.m.
  • Length: 9:57
Show
View Real Time Build Order
Export as new Build Order

PiG Terran - Winner!

Build Orders: Liberator Opening, Reaper Expand 

Get SALT Encoding   

  12  0:00  SCV  
  13  0:12  SCV  
  14  0:17  Supply Depot  
  14  0:24  SCV  
  15  0:39  SCV  
  15  0:41  Barracks  
  16  0:43  Refinery  
  16  0:51  SCV  
  17  1:03  SCV  
  18  1:15  SCV  
  19  1:27  Reaper  
  19  1:28  Orbital Command  
  20  1:40  Command Center  
  20  1:50  Supply Depot  
  20  1:55  SCV  
  20  1:59  Marine  
  22  2:07  SCV  
  23  2:14  Factory  
  23  2:15  Refinery  
  23  2:19  SCV  
  23  2:20  Barracks Reactor  
  24  2:31  SCV  
  25  2:43  SCV  
  26  2:52  Orbital Command  
  26  2:55  SCV  
  27  3:02  Starport  
  27  3:06  Hellion x2  
  27  3:07  SCV  
  27  3:08  Barracks Tech Lab  
  33  3:20  SCV x2  
  34  3:28  Hellion x2  
  34  3:32  SCV  
  34  3:34  SCV  
  40  3:44  SCV  
  40  3:45  Liberator  
  40  3:46  SCV, Supply Depot  
  45  3:56  SCV  
  46  4:08  Hellion x2  
  48  4:12  SCV  
  48  4:16  Barracks  
  48  4:17  Barracks x2  
  48  4:18  Barracks  
  48  4:22  SCV  
  49  4:24  Supply Depot  
  49  4:26  Refinery  
  49  4:27  Engineering Bay  
  49  4:38  SCV x2  
  51  4:43  Starport Reactor  
  51  4:44  Supply Depot  
  51  4:50  SCV x2  
  51  4:52  Factory Tech Lab  
  51  5:00  Marine  
  51  5:01  Stimpack  
  51  5:02  SCV  
  51  5:07  SCV  
  54  5:12  Barracks Reactor x3  
  52  5:14  Siege Tank  
  52  5:16  SCV  
  52  5:24  SCV  
  51  5:34  Marine  
  50  5:37  Marine x2  
  50  5:38  Medivac x2  
  50  5:41  SCV  
  49  5:46  Siege Tank  
  45  5:52  Marine  
  46  6:01  SCV  
  46  6:03  Terran Infantry Weapons Level 1  
  44  6:07  Marine x2  
  44  6:08  Marine x2  
  48  6:17  Marine x3  
  48  6:18  Marine  
  52  6:19  SCV x2  
  54  6:26  Supply Depot  
  54  6:28  Supply Depot  
  54  6:30  Command Center  
  54  6:40  Combat Shield  
  54  6:48  SCV x2, Marine x2  
  54  6:50  Marine  
  59  6:59  Marine x2  
  59  7:00  SCV x2, Marine  
  59  7:01  Marine x2  
  66  7:02  Supply Depot  
  66  7:05  Marine  
  66  7:12  SCV  
  67  7:15  Marine  
  68  7:23  Marine x2  
  68  7:26  SCV x2  
  68  7:27  Marine x4  
  68  7:28  Medivac  
  78  7:33  Supply Depot  
  78  7:41  Medivac  
  78  7:42  Siege Tank  
  78  7:43  SCV, Orbital Command  
  84  7:45  Marine x4  
  88  7:53  Marine  
  88  7:58  Terran Infantry Armor Level 1  
  89  8:02  Marine x3  
  89  8:03  Medivac  
  93  8:06  Armory  
  93  8:08  Orbital Command, Engineering Bay  
  93  8:10  SCV x2  
  95  8:13  Refinery  
  95  8:14  Siege Tank  
  98  8:22  SCV  
  99  8:30  Marine x2  
  99  8:32  Supply Depot  
  101  8:35  Marine x7  
  108  8:47  Marine  
  109  8:53  Marine x4  
  109  8:54  Siege Tank, Marine  
  117  9:06  Supply Depot  
  117  9:09  Supply Depot  
  117  9:18  Marine x2  
  116  9:24  Marine  
  116  9:27  Marine  
Show
View Real Time Build Order
Export as new Build Order

EON Zerg 

Build Orders: Hatch First 

Get SALT Encoding   

  12  0:01  Drone  
  13  0:13  Overlord  
  13  0:17  Drone  
  14  0:31  Drone  
  14  0:32  Drone  
  16  0:49  Hatchery  
  15  0:53  Drone  
  15  0:56  Drone  
  17  0:59  Drone  
  18  1:12  Spawning Pool  
  18  1:15  Drone  
  18  1:19  Drone  
  19  1:29  Drone  
  20  1:41  Hatchery  
  20  1:42  Drone  
  20  2:00  Queen  
  22  2:01  Queen  
  22  2:03  Zergling x2  
  22  2:06  Drone  
  26  2:09  Drone  
  26  2:14  Overlord  
  27  2:17  Drone  
  28  2:26  Spore Crawler  
  27  2:36  Queen  
  29  2:37  Queen  
  29  2:43  Drone x2  
  34  2:47  Drone x2  
  34  2:50  Extractor x2  
  34  2:53  Queen  
  36  3:01  Overlord  
  36  3:02  Drone  
  36  3:03  Drone  
  38  3:06  Drone  
  38  3:08  Drone  
  38  3:11  Drone x2  
  42  3:19  Drone x2  
  44  3:20  Drone  
  44  3:22  Drone  
  46  3:27  Drone  
  46  3:28  Drone  
  48  3:34  Roach Warren  
  48  3:38  Drone  
  48  3:43  Overlord  
  48  3:46  Overlord  
  48  3:47  Overlord  
  48  3:51  Overlord  
  46  4:15  Drone  
  46  4:16  Drone x2  
  46  4:22  Drone  
  46  4:23  Roach  
  54  4:24  Roach x4  
  53  4:34  Drone x7  
  53  4:36  Drone x3  
  62  4:39  Spore Crawler  
  62  4:42  Spore Crawler  
  60  4:46  Drone  
  60  4:49  Drone x2  
  63  4:57  Lair  
  63  5:02  Extractor  
  63  5:03  Drone  
  63  5:05  Drone x2, Spore Crawler  
  61  5:09  Drone  
  61  5:10  Drone x2  
  61  5:19  Drone  
  60  5:29  Drone  
  60  5:33  Drone  
  55  5:36  Drone x4  
  56  5:43  Drone  
  56  5:45  Drone  
  56  5:46  Drone x5  
  56  5:49  Drone  
  64  5:55  Drone  
  64  5:56  Queen  
  63  6:01  Drone  
  58  6:07  Drone, Extractor  
  58  6:09  Drone x3  
  61  6:11  Glial Reconstitution  
  61  6:15  Evolution Chamber  
  60  6:18  Evolution Chamber  
  60  6:19  Drone x2  
  61  6:26  Hatchery  
  61  6:30  Drone x2  
  62  6:34  Drone x4  
  62  6:37  Roach  
  62  6:38  Roach x4  
  76  6:41  Zerg Missile Weapons Level 1  
  75  6:47  Zerg Ground Armor Level 1  
  75  6:50  Roach  
  75  6:51  Roach  
  78  7:05  Drone  
  78  7:06  Drone x3  
  82  7:13  Drone  
  82  7:14  Drone x3  
  80  7:16  Drone  
  80  7:22  Drone x3  
  82  7:24  Overlord x2  
  82  7:25  Overlord  
  82  7:30  Hydralisk Den  
  81  7:40  Overlord x3  
  81  7:42  Queen  
  83  7:50  Roach x5  
  83  7:51  Roach  
  95  7:52  Roach x3  
  101  8:01  Drone  
  101  8:02  Drone x2  
  101  8:03  Hydralisk  
  101  8:04  Overseer  
  101  8:05  Hydralisk x3  
  108  8:09  Grooved Spines  
  108  8:11  Drone x2  
  108  8:12  Drone  
  115  8:15  Extractor x2  
  115  8:17  Hydralisk  
  115  8:19  Roach  
  117  8:22  Roach  
  119  8:30  Overlord  
  119  8:31  Overlord  
  119  8:34  Overlord x2  
  119  8:46  Overlord x2  
  119  8:47  Overlord  
  119  8:51  Hydralisk  
  119  8:52  Hydralisk  
  119  8:53  Hydralisk  
  119  8:54  Hydralisk  
  127  8:58  Drone x4  
  127  8:59  Drone  
  132  9:05  Hydralisk x2  
  136  9:11  Hydralisk  
  136  9:14  Hydralisk  
  137  9:27  Hydralisk x3  
  137  9:30  Hydralisk x4  
  136  9:32  Hydralisk  
  136  9:35  Drone x2  
  136  9:37  Drone  
  134  9:39  Drone  
Tags
 
Add a new tag
Caveats
  • Supply blocks, unpowered buildings, or Contaminate may cause inaccurate times.
  • Supply counts are checked every 10 seconds.